 Dungeon Crawl Stone Soup version 0.31-a0-83-gbff143cfd1 (webtiles) character file.

Game seed: 4564253194981896139

90 Esekla the Sneak (level 4, -5/31 HPs)
             Began as an Octopode Delver on May 25, 2023.
             Slain by an ice beast (13 damage)
             ... on level 6 of the Dungeon.
             The game lasted 00:03:32 (301 turns).

Esekla the Sneak (Octopode Delver)                   Turns: 301, Time: 00:03:32

Health: -5/31      AC:  1    Str: 11    XL:     4   Next: 56%
Magic:  5/5        EV: 13    Int: 14    God:
Gold:   103        SH:  0    Dex: 13    Spells: 5/5 levels left

rFire   . . .        a - +0 long sword
rCold   . . .        (no shield)
rNeg    . . .        (helmet restricted)
rPois   .            (no amulet)
rElec   .            (no ring)
rCorr   .            (no ring)
SInv    .            (no ring)
Will    .....        (no ring)
Stlth   +++++        (no ring)
HPRegen 0.25/turn    (no ring)
MPRegen 0.09/turn    (no ring)
                     (no ring)

%: no passive effects
@: no status effects
A: almost no armour, amphibious, 8 rings, camouflage 1, gelatinous body 1,
(nimble swimmer 1), tentacles
a: no special abilities


You were on level 6 of the Dungeon.
You visited 1 branch of the dungeon, and saw 2 of its levels.

You collected 103 gold pieces.

Inventory:

Hand Weapons
 a - a +0 long sword (weapon)
Wands
 f - a wand of digging (3)
Scrolls
 b - a scroll of fog
 c - a scroll of noise {unknown}
 d - a scroll of fear
 g - a scroll of brand weapon {unknown}
Potions
 e - a potion of haste


   Skills:
 * Level 3.4 Fighting
 * Level 2.4 Long Blades
 * Level 2.5 Dodging
 + Level 7.7 Stealth
 * Level 1.1 Spellcasting


You had 5 spell levels left.
You didn't know any spells.
Your spell library was empty.

Dungeon Overview and Level Annotations

Branches:
Dungeon (6/15)
 Temple: D:4-7

Altars:
Uskayaw

Shops:
D:5 *[:


Innate Abilities, Weirdness & Mutations

You cannot wear most types of armour.
You are amphibious.
You can wear up to eight rings at the same time.
Your skin changes colour to match your surroundings (Stealth+).
Your rubbery body absorbs attacks. (AC +1, EV +1)
((You are camouflaged when in or above water. (Stealth+)))
You have tentacles for arms and can constrict up to eight enemies at once.


Message History

The dart slug is severely wounded.
You constrict the dart slug. The dart slug bites you.
You slash the dart slug!
You kill the dart slug!
You see here a +0 cloak.
There is an open door here.
You open the door.
Found a stone staircase leading down.
There is an open door here.
There is a stone staircase leading down here.
You climb downwards.
Found 14 gold pieces.
There is a stone staircase leading up here.
You see here 14 gold pieces.
You now have 103 gold pieces (gained 14).
The ice beast closely misses you.
You barely miss the ice beast.
You squeeze the ice beast, but do no damage.
The ice beast misses you.
You hit the ice beast.
The ice beast is lightly wounded.
The ice beast completely misses you.
You closely miss the ice beast.
The ice beast is lightly wounded.
The ice beast barely misses you.
You hit the ice beast.
The ice beast is moderately wounded.
The ice beast misses you. The ice beast hits you. The ice beast freezes you!
You barely miss the ice beast. You squeeze the ice beast.
The ice beast is heavily wounded.
The ice beast closely misses you.
You hit the ice beast. Your squeeze misses the ice beast.
The ice beast is severely wounded.
The ice beast hits you. The ice beast freezes you!
You hit the ice beast but do no damage. Your squeeze misses the ice beast.
The ice beast is severely wounded.
The ice beast hits you.
* * * LOW HITPOINT WARNING * * *
The ice beast freezes you!
You die...

.... .... .....
# ..... #.
......
..###.####.....
...........#
.......@<..#
.......Y...#
...........#
...........#
...........#
...........#
##########.# ..


You could see an ice beast.

Vanquished Creatures
  3 hounds (D:5)
  A dart slug (D:5)
4 creatures vanquished.

Notes
Turn   | Place    | Note
-------+----------+-------------------------------------------
     0 | D:5      | Esekla the Octopode Delver began the quest for the Orb.
     0 | D:5      | Reached XP level 1. HP: 16/16 MP: 1/1
     7 | D:5      | Found Ucub's Book Shop.
    28 | D:5      | Noticed a hound
    29 | D:5      | Noticed a hound
    37 | D:5      | Killed a hound
    38 | D:5      | Reached skill level 7 in Stealth
    38 | D:5      | Reached XP level 2. HP: 15/21 MP: 2/2
    38 | D:5      | Reached XP level 3. HP: 18/26 MP: 3/3
    79 | D:5      | Noticed a +0 dagger
    79 | D:5      | Noticed a +0 dagger
    81 | D:5      | Found a hide-covered altar of Uskayaw.
    88 | D:5      | Reached XP level 4. HP: 17/31 MP: 3/5
   135 | D:5      | Found Suadgh's General Store.
   187 | D:5      | Noticed a scorpion
   197 | D:5      | Reached skill level 1 in Spellcasting
   225 | D:5      | Found Sent's Antique Armour Boutique.
   292 | D:6      | Noticed an ice beast
   301 | D:6      | Slain by an ice beast

Illustrated notes

Levels and vault maps discovered:
D:5:      layout_loops_corners, dancing_weapons_uskayaw,
          nicolae_ossuary_entry_false_entrances, serial_shops,
          nicolae_shop_window_shopping, shop, nicolae_take_the_stairs
D:6:      layout_rooms, kennysheep_big_empty_room, uniq_pikel, uniq_menkaure,
          uniq_grinder

Skill      XL: |  1  2  3  4 |
---------------+-------------+-----
Stealth        | 7 |  7.7
Spellcasting   | 1 |  1.1
Fighting       | |  3.4
Long Blades    | |  2.4
Dodging        | |  2.5

Action                     |  1- 3 |  4- 6 || total
---------------------------+-------+-------++-------
  Melee: Falchion          |     6 |       ||     6
         Constrict         |     2 |     1 ||     3
         Tentacles         |     1 |     5 ||     6
         Long sword        |       |    13 ||    13
         Punch             |       |     1 ||     1
    Use: Scroll            |     1 |       ||     1
   Stab: Sleeping          |       |     1 ||     1
  Dodge: Dodged            |     2 |    10 ||    12

Table legend: (Time is in decaauts)
 A = Elapsed time spent in this place.
 B = Non-inter-level travel time spent in this place.
 C = Inter-level travel time spent in this place.
 D = Time resting spent in this place.
 E = Time spent auto-exploring this place.
 F = Levels seen in this place.
 G = Mean time per level.
                   A        B        C        D        E       F      G
               +--------+--------+--------+--------+--------+-----+--------+
         Total |    304 |    304 |      0 |      0 |      0 |   2 |  152.0 |
       Dungeon |    304 |    304 |      0 |      0 |      0 |   2 |  152.0 |
               +--------+--------+--------+--------+--------+-----+--------+

Top non-repeatable levels by time:
     D:5: 294 daAuts
     D:6: 10 daAuts
